 Dungeon Crawl Stone Soup version 0.29-a0-284-gf9362112df (webtiles) character file.

Game seed: 12174222272399641016

50568 enile the Protected (level 14, -9/113 HPs)
             Began as a Formicid Wanderer on Mar 14, 2022.
             Was the Champion of Okawaru.
             Mangled by an enormous slime creature (39 damage)
             ... on level 11 of the Dungeon.
             The game lasted 00:42:59 (22766 turns).

enile the Protected (Formicid Wanderer)            Turns: 22766, Time: 00:42:59

Health: -9/113     AC: 23    Str: 20    XL:     14   Next: 98%
Magic:  20/20      EV: 14    Int: 13    God:    Okawaru [******]
Gold:   1548       SH: 10    Dex: 21    Spells: 13/13 levels left

rFire   + . .      SeeInvis +   K - +5 lajatang (venom)
rCold   + . .      Faith    .   c - +2 buckler
rNeg    + . .      Spirit   .   Y - +2 plate armour {rF+}
rPois   .          Reflect  .   (helmet unavailable)
rElec   .          Harm     .   (no cloak)
rCorr   .          Rampage  .   o - +2 pair of gloves {Stlth+}
Will    .....                   H - +0 pair of boots of Card Tricks {Will- Str+2 Dex+4 Slay+3}
Stlth   +.........              M - amulet "Oregy" {rF- rC+ rN+ Regen+ Dex+4}
HPRegen 1.08/turn               m - +4 ring of evasion
MPRegen 0.17/turn               f - ring of protection from fire

@: no status effects
A: permanent stasis, dig shafts and tunnels, antennae 3, four strong arms, fangs
1, MP-powered wands
a: Dig, Shaft Self, Renounce Religion, Heroism, Finesse, Duel


You were on level 11 of the Dungeon.
You worshipped Okawaru.
Okawaru was exalted by your worship.
You visited 3 branches of the dungeon, and saw 19 of its levels.
You also visited: Bailey and Gauntlet.

You collected 1548 gold pieces.

Inventory:

Hand Weapons
 a - a +8 spectral quarterstaff
 b - the +1 fustibalus of Objectivity {flame, Str+3 Int+2}
   (Okawaru gifted it to you on level 3 of the Lair of Beasts)

   Any ammunition fired from it burns those it strikes, dealing additional fire
   damage.
   Str:       It affects your strength (+3).
   Int:       It affects your intelligence (+2).
 K - a +5 lajatang of venom (weapon)
 W - a +2 demon trident of electrocution
Missiles
 O - 15 javelins (quivered)
 Q - 2 curare-tipped darts
 S - 3 silver javelins
Armour
 c - a +2 buckler (worn)
 o - a +2 pair of gloves of stealth (worn)
 p - the +3 cloak of Amorality {Harm Str-5 Dex+3 Stlth+}
   (You found it in a Gauntlet)

   Str:       It affects your strength (-5).
   Dex:       It affects your dexterity (+3).
   Harm:      It increases damage dealt and taken.
   Stlth:     It makes you more stealthy.
 q - the +0 pair of boots "Bunedd" {rElec Str+3}
   (You found it on level 6 of the Lair of Beasts)

   Str:       It affects your strength (+3).
   rElec:     It insulates you from electricity.
 H - the +0 pair of boots of Card Tricks (worn) {Will- Str+2 Dex+4 Slay+3}
   (You acquired it on level 1 of the Lair of Beasts)

   Str:       It affects your strength (+2).
   Dex:       It affects your dexterity (+4).
   Slay:      It affects your accuracy & damage with ranged weapons and melee
   (+3).
   Will:      It decreases your willpower.
 Y - a +2 plate armour of fire resistance (worn)
Jewellery
 f - a ring of protection from fire (right hand)
 g - a ring of wizardry
 m - a +4 ring of evasion (left hand)
 w - a ring of ice
 A - a ring of poison resistance
 G - an amulet of faith
 M - the amulet "Oregy" (around neck) {rF- rC+ rN+ Regen+ Dex+4}
   (You found it in a Gauntlet)

   [amulet of regeneration]

   Dex:       It affects your dexterity (+4).
   rF:        It makes you vulnerable to fire.
   rC:        It protects you from cold.
   rN:        It protects you from negative energy.
   Regen:     It increases your rate of health regeneration.
 N - a ring of willpower
 P - a ring of wizardry
 X - a ring of flight
Wands
 s - a wand of iceblast (2)
 x - a wand of digging (9)
 C - a wand of flame (25)
 L - a wand of acid (1)
 R - a wand of paralysis (1)
 V - a wand of polymorph (1)
Scrolls
 d - a scroll of silence
 h - 3 scrolls of noise
 k - a scroll of fear
 n - 8 scrolls of vulnerability
 u - a scroll of fog
 y - 3 scrolls of amnesia
 D - 6 scrolls of enchant armour
 I - 8 scrolls of identify
 T - a scroll of brand weapon
 Z - 2 scrolls of enchant weapon
Potions
 e - a potion of might
 i - a potion of invisibility
 j - a potion of heal wounds
 l - a potion of attraction
 r - 2 potions of degeneration {unknown}
 v - 2 potions of flight
 z - 5 potions of curing
 B - a potion of ambrosia {unknown}
 E - 2 potions of cancellation
 F - 5 potions of brilliance
 J - 2 potions of lignification
Miscellaneous
 U - a phantom mirror


   Skills:
 - Level 11.0 Fighting
 - Level 4.0(7.3) Maces & Flails
 - Level 9.6(10.0) Staves
 - Level 4.4(5.3) Slings
 - Level 4.1(5.0) Throwing
 - Level 13.0 Armour
 - Level 7.0 Dodging
 - Level 7.4 Stealth
 + Level 11.7 Shields
 - Level 9.0 Invocations
 - Level 9.0 Evocations


You had 13 spell levels left.
You didn't know any spells.
Your spell library contained the following spells:

 Spells                   Type           Power      Damage    Failure   Level
 Apportation              Tloc           0%         N/A       99%         1
 Freeze                   Ice            0%         1d3       99%         1
 Magic Dart               Conj           0%         1d3       99%         1
 Pain                     Necr           0%         1d4       99%         1
 Ensorcelled Hibernation  Hex/Ice        0%         N/A       100%        2
 Passwall                 Tmut/Erth      0%         N/A       100%        2
 Scorch                   Fire           0%         2d5       100%        2
 Searing Ray              Conj           0%         2d4       100%        2
 Dazzling Flash           Conj/Hex       0%         N/A       100%        3
 Frozen Ramparts          Ice            0%         1d2       100%        3
 Gell's Gravitas          Tloc           0%         N/A       100%        3
 Mephitic Cloud           Conj/Pois/Air  0%         N/A       100%        3
 Teleport Other           Tloc           0%         N/A       100%        3
 Vampiric Draining        Necr           0%         2d6       100%        3
 Cause Fear               Hex            0%         N/A       100%        4
 Flame Wave               Conj/Fire      0%         2d4       100%        4
 Fulminant Prism          Conj/Hex       0%         3d6       100%        4
 Hailstorm                Conj/Ice       0%         3d3       100%        4
 Ice Form                 Ice/Tmut       0%         N/A       100%        4
 Passage of Golubria      Tloc           0%         N/A       100%        4
 Agony                    Necr           0%         N/A       100%        5
 Silence                  Hex/Air        0%         N/A       100%        5
 Yara's Violent Unravell  Hex/Tmut       0%         3d3       100%        5
 Dispersal                Tloc           0%         N/A       100%        6
 Dragon Form              Tmut           0%         N/A       100%        7
 Animate Skeleton         Necr           Unusable   N/A       N/A         1
 Summon Small Mammal      Summ           Unusable   N/A       N/A         1
 Call Imp                 Summ           Unusable   N/A       N/A         2
 Swiftness                Air            Unusable   N/A       N/A         3
 Tukima's Dance           Hex            Unusable   N/A       N/A         3
 Summon Ice Beast         Ice/Summ       Unusable   N/A       N/A         4
 Summon Cactus Giant      Summ           Unusable   N/A       N/A         6
 Dragon's Call            Summ           Unusable   N/A       N/A         9

Dungeon Overview and Level Annotations

Branches:
Dungeon (12/15)            Temple (1/1) D:5            Lair (6/6) D:8
  Swamp (0/4) Lair:3       Spider (0/4) Lair:2        Slime (0/5) Lair:6
 Bailey (visited)         Gauntlet (visited)
    Orc: D:9-12

Altars:
Ashenzari
Cheibriados
Dithmenos
Elyvilon
Fedhas
Gozag
Hepliaklqana
Kikubaaqudgha
Makhleb
Nemelex Xobeh
Okawaru
Qazlal
Ru
Sif Muna
Trog
Uskayaw
Vehumet
Wu Jian
Xom
Yredelemnul
Zin
The Shining One

Shops:
D:7 [   D:11 ((

Annotations:
D:4 3 runed translucent doors, Foxy's ghost, amateur MfBr


Innate Abilities, Weirdness & Mutations

You cannot be hasted, slowed, berserked, paralysed or teleported.
You can dig through walls and to a lower floor.
You have a pair of large antennae on your head. (SInv)
Your four strong arms can wield two-handed weapons with a shield.
You have very sharp teeth.
You expend magic power (3 MP) to strengthen your wands.


Message History

You block the large slime creature's attack.
You barely miss the cyclops. You bite the cyclops.
The cyclops is heavily wounded.
The cyclops hits you!!
The large slime creature attacks as you move away!
The large slime creature closely misses you.
The large slime creature attacks as you move away!
You block the large slime creature's attack.
The slime creature attacks as you move away!
The slime creature misses you.
A large slime creature splits.
Two slime creatures merge to form a large slime creature.
The slime creature attacks as you move away!
You block the slime creature's attack. The slime creature hits you.
The slime creature hits you but does no damage.
Two slime creatures merge to form a very large slime creature.
Two slime creatures merge to form a large slime creature.
You block the slime creature's attack.
There is a stone staircase leading up here.
You hit the slime creature.
The slime creature is moderately wounded.
Two slime creatures merge to form an enormous slime creature.
You hear the faint crackling of a melting archway nearby.
The enormous slime creature looks more healthy.
You climb upwards.
There is a stone staircase leading down here.
The enormous slime creature attacks as you move away!
The enormous slime creature hits you but does no damage.
The enormous slime creature attacks as you move away!
You block the enormous slime creature's attack.
The enormous slime creature attacks as you move away!
The enormous slime creature hits you!
The enormous slime creature attacks as you move away!
The enormous slime creature closely misses you.
The enormous slime creature attacks as you move away!
The enormous slime creature hits you!!!
Ouch! That really hurt!
* * * LOW HITPOINT WARNING * * *
The enormous slime creature attacks as you move away!
The enormous slime creature hits you!!!
You die...

##.....# #.......# ##.#
##......# ##.....######.##
#.......## #.....###[...##
####.....#
###.........).##
#..#.....#
##..###..#####.##
##.......####..## ##.#
#..# ##.......##..##
#.######.# #.........J##
##....###.. ##........@##
#..##...... #..........##
##.######.#.
###...........###.## #..##
##..............#..# #.##
##.#...........>..>## ##.#
#.###..............#
#..### ###
#......##......######..#.[
##......#.............##.#
##.......####.........#.#


You could see an enormous slime creature.

Vanquished Creatures
  Kirke (Lair:5)
  A minotaur (Gauntlet)
  A dire elephant (Lair:6)
  Fannar (Lair:1)
  2 hydras (Lair:6)
  A catoblepas (Lair:6)
  A boulder beetle (D:12)
  2 two-headed ogres (D:11)
  3 death yaks (Lair:6)
  Urug (Lair:4)
  A fire crab (Arena)
  A bog body (Lair:3)
  A lindwurm (Lair:6)
  An orc knight (Bailey)
  A wolf spider (Lair:2)
  2 manticores (Lair:6)
  An ugly thing (D:11)
  10 elephants
  Maurice (D:8)
  An apocalypse crab (Gauntlet)
  2 torpor snails (Lair:6)
  4 black mambas
  An eye of devastation (Lair:6)
  10 cane toads
  An unseen horror (D:11)
  2 kobold demonologists
  5 rime drakes
  5 komodo dragons
  2 trolls (D:10)
  A polar bear (Lair:2)
  A raiju (Gauntlet)
  7 dream sheep (Lair:6)
  10 blink frogs
  A slime creature (D:10)
  3 jumping spiders (Lair:2)
  A culicivora (Lair:2)
  2 wraiths (D:10)
  3 humans (Lair:5)
  6 fire bats (Gauntlet)
  A vampire (D:10)
  3 basilisks
  7 wyverns
  46 yaks
  2 hogs (Lair:5)
  A redback (Lair:2)
  3 steam dragons
  3 swamp worms (Lair:3)
  An acid dragon (D:11)
  15 water moccasins
  A floating eye (Lair:6)
  2 hell hounds (Gauntlet)
  3 ice beasts
  A sky beast (D:8)
  14 orc warriors
  2 black bears
  22 wolves
  3 centaurs
  8 bullfrogs
  A gnoll sergeant (D:10)
  A necrophage (D:6)
  A scorpion (D:5)
  20 killer bees
  3 howler monkeys (D:7)
  An electric eel (Lair:3)
  3 jellies
  A hound (D:6)
  5 orc priests
  A gnoll shaman (D:4)
  4 iguanas
  17 orc wizards
  12 hell rats
  24 gnolls
  8 adders
  2 shadow imps
  A white imp (D:4)
  An ufetubus (D:5)
  2 worms
  3 dart slugs
  45 orcs
  9 ball pythons
  7 endoplasms
  4 giant cockroaches
  18 goblins
  12 hobgoblins
  4 jackals (D:5)
  5 kobolds
  4 quokkas
  5 bats
  5 frilled lizards
  6 hobgoblin zombies (D:4)
  3 kobold zombies (D:4)
  An orc skeleton (D:4)
  7 rats
485 creatures vanquished.

Vanquished Creatures (others)
  An orc wizard (D:9)
  3 demonic plants (Gauntlet)
  11 fungi
  19 plants
34 creatures vanquished.

Grand Total: 519 creatures vanquished

Notes
Turn   | Place    | Note
-------+----------+-------------------------------------------
     0 | D:1      | enile the Formicid Wanderer began the quest for the Orb.
     0 | D:1      | enile set off with the following items: a +2 mace, a +0
                  | hunting sling, a +0 buckler, a scroll of silence, a +0
                  | leather armour
     0 | D:1      | Reached XP level 1. HP: 13/13 MP: 1/1
    29 | D:1      | Reached skill level 1 in Fighting
   255 | D:1      | Reached XP level 2. HP: 21/21 MP: 2/2
   700 | D:1      | Reached XP level 3. HP: 28/28 MP: 3/3
  1355 | D:2      | Reached skill level 1 in Stealth
  1405 | D:2      | Reached XP level 4. HP: 34/35 MP: 4/4
  1968 | D:2      | You fall into a shaft and drop 2 floors!
  2115 | D:4      | Found a glowing golden altar of the Shining One.
  2210 | D:4      | Became a worshipper of the Shining One
  2273 | D:4      | Found a runed translucent gate.
  2273 | D:4      | Noticed a gnoll sergeant
  2274 | D:4      | Noticed Foxy's ghost (amateur MfBr)
  2278 | D:4      | Noticed a phantom
  2440 | D:3      | Reached skill level 1 in Invocations
  2473 | D:3      | Found a faded altar of an unknown god.
  2845 | D:3      | Reached XP level 5. HP: 38/39 MP: 5/5
  3054 | D:3      | Gained mutation: You have very sharp teeth. [potion of
                  | mutation]
  3054 | D:3      | Gained mutation: You expend magic power (3 MP) to
                  | strengthen your wands. [potion of mutation]
  3608 | D:3      | Identified the +1 leather armour of Masochism {rElec rF+
                  | rC+ Str-2}
  4057 | D:4      | Reached XP level 6. HP: 47/47 MP: 8/8
  4058 | D:4      | Reached * piety under the Shining One
  4059 | D:4      | Reached skill level 1 in Armour
  4115 | D:4      | Found a runed translucent gate.
  4115 | D:4      | Found a runed translucent gate.
  4212 | D:4      | Reached skill level 2 in Armour
  4465 | D:4      | Found a radiant altar of Vehumet.
  4465 | D:4      | Found a stormy altar of Qazlal.
  4600 | D:4      | Found a shimmering blue altar of Sif Muna.
  4661 | D:5      | Entered Level 5 of the Dungeon
  4934 | D:4      | Reached skill level 3 in Armour
  5022 | D:5      | Reached XP level 7. HP: 45/52 MP: 9/9
  5041 | D:4      | Reached skill level 4 in Armour
  5334 | D:5      | Noticed a water moccasin
  5353 | D:5      | Killed a water moccasin
  5518 | D:5      | Reached skill level 5 in Fighting
  5669 | D:5      | Found a staircase to the Ecumenical Temple.
  5696 | D:5      | Reached XP level 8. HP: 51/62 MP: 11/11
  5818 | D:5      | Reached skill level 5 in Invocations
  6236 | D:6      | Reached skill level 5 in Armour
  6665 | D:6      | Found a shimmering altar of Xom.
  6669 | D:6      | Found a shadowy altar of Dithmenos.
  6674 | D:6      | Found a snail-covered altar of Cheibriados.
  6870 | D:7      | Found a flagged portal.
  6885 | Bailey   | Entered a bailey
  6912 | Bailey   | Reached skill level 1 in Staves
  7006 | Bailey   | Reached XP level 9. HP: 57/72 MP: 12/12
  7179 | Bailey   | Noticed an orc knight
  7202 | Bailey   | Reached skill level 6 in Armour
  7649 | Bailey   | Reached skill level 5 in Staves
  7649 | Bailey   | Reached XP level 10. HP: 83/83 MP: 13/13
  7669 | Bailey   | Reached skill level 7 in Armour
  7710 | Bailey   | Reached skill level 1 in Dodging
  7873 | Bailey   | Noticed an orc warlord
  7883 | Bailey   | Killed an orc knight
  8493 | D:7      | Found Adwef's Armour Shoppe.
  8744 | D:7      | Found a broken altar of Ashenzari.
  9131 | Temple   | Entered the Ecumenical Temple
  9399 | Temple   | Fell from the grace of the Shining One
  9399 | Temple   | Became a worshipper of Warmaster Okawaru
  9528 | D:8      | Found a staircase to the Lair.
  9580 | D:8      | Reached XP level 11. HP: 23/89 MP: 14/14
 10182 | D:8      | Reached * piety under Okawaru
 10183 | D:8      | Reached skill level 10 in Fighting
 10200 | D:8      | Found a hazy altar of Hepliaklqana.
 10291 | D:8      | Noticed Maurice
 10297 | D:8      | Killed Maurice
 10592 | D:9      | Reached skill level 5 in Dodging
 10808 | D:9      | Found a hide-covered altar of Uskayaw.
 10887 | D:9      | Reached ** piety under Okawaru
 11246 | D:10     | Entered Level 10 of the Dungeon
 11569 | D:10     | Identified the +1 robe of Fiufu {rF+}
 11965 | D:10     | Reached *** piety under Okawaru
 12121 | D:10     | Noticed a two-headed ogre
 12378 | Lair:1   | Entered Level 1 of the Lair of Beasts
 12740 | Lair:1   | Noticed Fannar
 12760 | Lair:1   | Reached XP level 12. HP: 41/98 MP: 14/17
 12760 | Lair:1   | Reached **** piety under Okawaru
 12790 | Lair:1   | Killed Fannar
 12790 | Lair:1   | Received a gift from Okawaru
 13111 | Lair:1   | Identified a scroll of acquirement
 13112 | Lair:1   | Acquired the +0 pair of boots of Card Tricks {Will- Str+2
                  | Dex+4 Slay+3}
 13275 | Lair:1   | Reached skill level 8 in Armour
 13599 | Lair:2   | Found a hole to the Spider Nest.
 13907 | Lair:2   | Reached skill level 9 in Armour
 14228 | Lair:2   | Reached skill level 10 in Armour
 14389 | Lair:2   | Identified the +1 rapier of Profit {flame, Stlth+}
 14420 | Lair:2   | Reached ***** piety under Okawaru
 15130 | Lair:3   | Reached skill level 11 in Armour
 15533 | Lair:3   | Identified the +1 fustibalus of Objectivity {flame, Str+3
                  | Int+2} (Okawaru gifted it to you on level 3 of the Lair of
                  | Beasts)
 15533 | Lair:3   | Received a gift from Okawaru
 15757 | Lair:3   | Reached XP level 13. HP: 54/106 MP: 18/18
 16057 | Lair:3   | Reached skill level 12 in Armour
 16116 | Lair:3   | Found a staircase to the Swamp.
 16356 | Lair:3   | Identified the +6 trident "Olyahapp" {vorpal, rPois rF-
                  | Dex+4}
 16401 | Lair:4   | Noticed Urug
 16413 | Lair:4   | Killed Urug
 16447 | Lair:4   | Found a gate leading to a gauntlet.
 16473 | Gauntlet | Entered a Gauntlet
 16473 | Gauntlet | Found a transporter.
 16473 | Gauntlet | Found a transporter.
 16725 | Gauntlet | Found a transporter.
 16737 | Gauntlet | Found a transporter.
 16755 | Gauntlet | Found a transporter.
 16755 | Gauntlet | Found a transporter.
 16755 | Gauntlet | Found a transporter.
 16757 | Gauntlet | Found a transporter.
 16757 | Gauntlet | Found a transporter.
 16767 | Gauntlet | Noticed an entropy weaver
 16777 | Gauntlet | Found a transporter.
 16782 | Gauntlet | Noticed a reaper
 16785 | Gauntlet | Found a transporter.
 16795 | Gauntlet | Found a transporter.
 16812 | Gauntlet | Found a transporter.
 16831 | Gauntlet | Found a transporter.
 17053 | Gauntlet | Identified the +3 cloak of Amorality {Harm Str-5 Dex+3
                  | Stlth+}
 17175 | Gauntlet | Reached skill level 13 in Armour
 17255 | Arena    | Entered the Arena
 17490 | Gauntlet | Identified the amulet "Oregy" {rF- rC+ rN+ Regen+ Dex+4}
 17539 | Gauntlet | Noticed a minotaur
 17556 | Gauntlet | Killed a minotaur
 17595 | Gauntlet | Got the Compendium of Curses
 18376 | Lair:5   | Noticed Kirke
 18387 | Lair:5   | Noticed a sphinx
 18390 | Lair:5   | Killed Kirke
 18721 | Lair:5   | Reached skill level 10 in Shields
 19474 | Lair:6   | Entered Level 6 of the Lair of Beasts
 19506 | Lair:6   | Found a staircase to the Slime Pits.
 19581 | Lair:6   | Noticed a five-headed hydra
 19585 | Lair:6   | Killed a five-headed hydra
 19585 | Lair:6   | Received a gift from Okawaru
 19586 | Lair:6   | Reached XP level 14. HP: 113/113 MP: 9/19
 19762 | Lair:6   | Acquired a +5 lajatang of venom
 20126 | Lair:6   | Reached ****** piety under Okawaru
 20204 | Lair:6   | Noticed a dire elephant
 20218 | Lair:6   | Received a gift from Okawaru
 20236 | Lair:6   | Killed a dire elephant
 20953 | Lair:6   | Identified the +0 pair of boots "Bunedd" {rElec Str+3}
 21405 | D:11     | Found Yzaucvext's Weapon Emporium.
 22317 | D:11     | Found Isackag's Weapon Emporium.
 22766 | D:11     | Mangled by an enormous slime creature

Illustrated notes

Levels and vault maps discovered:
D:1:      minmay_arrival_up_and_down, layout_basic
D:2:      layout_basic, serial_rivers, chequers_serial_rivers_small_a,
          chequers_serial_rivers_large_a, chequers_serial_rivers_small_b,
          chequers_serial_rivers_marsh, chequers_serial_rivers_micro_d,
          corexii_leaking_fountain
D:3:      layout_rooms, serial_curves, eino_curves_02, eino_curves_03,
          ebering_ecumenical_altar_mist
D:4:      layout_basic, tgw_sif, nicolae_tso_besieged_by_evil,
          amethyst_overflow_temple_binary, gammafunk_ghost_split
D:5:      layout_basic, minmay_temple_entry_junction_2
D:6:      layout_rooms, grunt_temple_overflow_diamond
D:7:      layout_cave_pods, ashenzari_conservatory_becter, enter_bailey_4,
          kennysheep_small_square
D:8:      layout_loops_ring, mainiacjoe_overflow_chevrons, dpeg_oklobed_lair,
          uniq_maurice
D:9:      layout_rooms, mainiacjoe_overflow_cross_hatched
D:10:     layout_loops_ring, lightli_fourway_metalbox
D:11:     layout_layer_cave, serial_shops, nicolae_shop_bloodbath_and_beyond,
          shop
D:12:     layout_loops_ring, hiddenorc1_lemuel,
          portal_ice_cave_entry_ice_simulacra, serial_glass, glass_columns_a,
          glass_columns_a, trove_entry_hex_spiral, minivault_25_ag
Temple:   minmay_temple_bridge_abc
Lair:1:   layout_small_grid, lemuel_fruit_fields, uniq_fannar
Lair:2:   layout_cave_pods, nicolae_spider_entry_tight_spaces
Lair:3:   layout_hall_layers, nicolae_swamp_entry_splash_gauntlet,
          nicolae_lair_run_with_the_wolves
Lair:4:   layout_gridlike, gauntlet_entry_generic, infiniplex_staircase_pool,
          uniq_urug
Lair:5:   layout_layer_cave, uniq_kirke
Lair:6:   hangedman_lair_in_review, layout_regular_city,
          minmay_slime_entry_eyes, chequers_serial_rivers_small_b, st_stairs_3

Skill      XL: |  1  2  3  4  5  6  7  8  9 10 11 12 13 14 |
---------------+-------------------------------------------+-----
Fighting       | 1 2 3 5 7 9 10 11 | 11.0
Stealth        | 2 3 7 |  7.4
Invocations    | 1 3 4 5 7 9 |  9.0
Shields        | 2 3 6 7 11 | 11.7
Armour         | 3 4 5 6 7 11 13 | 13.0
Staves         | 1 5 6 9 |  9.6
Evocations     | 3 7 9 |  9.0
Dodging        | 4 5 7 |  7.0
Throwing       | 4 |  4.1
Maces & Flails | |  4.0
Slings         | |  4.4

Action                   |  1- 3 |  4- 6 |  7- 9 | 10-12 | 13-15 || total
-------------------------+-------+-------+-------+-------+-------++-------
Melee: Mace              |    81 |   100 |       |       |       ||   181
       Halberd           |       |    71 |   128 |       |       ||   199
       Bite              |       |     9 |    24 |    56 |    86 ||   175
       Quarterstaff      |       |       |    58 |   445 |   189 ||   692
       Lajatang          |       |       |       |       |   263 ||   263
 Fire: Fustibalus        |       |       |       |    11 |    14 ||    25
Throw: Javelin           |       |       |    10 |    13 |    26 ||    49
       Throwing net      |       |       |     2 |       |       ||     2
       Dart              |       |       |       |     3 |     2 ||     5
Invok: Divine Shield     |       |       |     2 |     2 |       ||     4
       Heroism           |       |       |       |     4 |     4 ||     8
       Finesse           |       |       |       |     1 |     1 ||     2
       Duel              |       |       |       |       |     1 ||     1
 Abil: Dig               |       |     1 |       |     1 |       ||     2
Evoke: Wand              |       |       |     8 |     1 |     5 ||    14
  Use: Scroll            |       |     6 |     9 |    10 |     7 ||    32
       Potion            |       |     5 |     3 |     3 |     8 ||    19
 Stab: Distracted        |       |       |       |     1 |     8 ||     9
       Petrifying        |       |       |       |       |     1 ||     1
       Petrified         |       |       |       |       |     1 ||     1
Armor: Leather armour    |    21 |    20 |       |       |       ||    41
       Chain mail        |       |    41 |    96 |   192 |    14 ||   343
       Plate armour      |       |       |       |       |   192 ||   192
       Skin              |       |       |       |       |    34 ||    34
Dodge: Dodged            |    40 |    82 |   103 |   289 |   264 ||   778
Block: Buckler           |    10 |    27 |    56 |   213 |   264 ||   570

Table legend: (Time is in decaauts)
 A = Elapsed time spent in this place.
 B = Non-inter-level travel time spent in this place.
 C = Inter-level travel time spent in this place.
 D = Time resting spent in this place.
 E = Time spent auto-exploring this place.
 F = Levels seen in this place.
 G = Mean time per level.
                   A        B        C        D        E       F      G
               +--------+--------+--------+--------+--------+-----+--------+
         Total |  22947 |  22101 |    846 |   2738 |  15533 |  22 | 1043.0 |
       Dungeon |  12901 |  12400 |    501 |   1473 |   9088 |  12 | 1075.1 |
        Temple |    291 |    268 |     23 |      0 |    173 |   1 |  291.0 |
          Lair |   7537 |   7216 |    321 |    819 |   5281 |   6 | 1256.2 |
        Bailey |   1057 |   1057 |      0 |    391 |    293 |   1 | 1057.0 |
      Gauntlet |   1140 |   1140 |      0 |     55 |    698 |   1 | 1140.0 |
         Arena |     18 |     18 |      0 |      0 |      0 |   1 |   18.0 |
               +--------+--------+--------+--------+--------+-----+--------+

Top non-repeatable levels by time:
     D:2: 1753 daAuts
  Lair:2: 1711 daAuts
     D:4: 1680 daAuts
  Lair:6: 1493 daAuts
     D:7: 1445 daAuts
  Lair:1: 1381 daAuts
    D:10: 1292 daAuts
  Lair:5: 1247 daAuts
    D:11: 1177 daAuts
Gauntlet: 1140 daAuts
     D:5: 1111 daAuts
     D:1: 1104 daAuts
  Bailey: 1057 daAuts
     D:8: 1004 daAuts
  Lair:3: 982 daAuts
